Penguins vs Blue Jackets
Created - April 20, 2022 at 19:03
Goals
|
| Penguins |
2 |
2 |
0 |
4 |
| Blue Jackets |
0 |
7 |
3 |
10 |
|
Shots
|
| Penguins |
16 |
14 |
7 |
37 |
| Blue Jackets |
3 |
21 |
16 |
40 |
|
1st period
1. Penguins , Steven Stamkos 35 (Nikita Kucherov 33, Keith Aulie 22) at 7:21
2. Penguins , Keith Aulie 6 (Oliver Ekman-Larsson 32) at 9:47
Penalties :
Colton Parayko (Clb) for Hooking (Minor) at 0:15, Joe Pavelski (Pit) for Roughing (Minor) at 10:10, T.J. Oshie (Clb) for Goalie Interference (Minor) at 16:10
2nd period
3. Blue Jackets , Henrik Sedin 17 (T.J. Oshie 6, Travis Hamonic 21) at 1:26
4. Blue Jackets , Tyler Seguin 32 (Artemi Panarin 37) at 4:11
5. Blue Jackets , Bobby Ryan 18 (Artemi Panarin 38, Tyler Seguin 40) at 4:17
6. Blue Jackets , Peter Mueller 10 (Devin Setoguchi 14, Rickard Rakell 25) at 6:23
7. Penguins , Marcus Foligno 13 (Derek Stepan 32, Cal Clutterbuck 9) at 9:57
8. Blue Jackets , Colton Parayko 5 (Artemi Panarin 39) at 11:31 (PP)
9. Blue Jackets , Artemi Panarin 27 (Tyler Seguin 41, Colton Parayko 21) at 12:51 (PP)
10. Blue Jackets , Brandon Bollig 8 (Henrik Sedin 10, Dennis Wideman 10) at 15:47
11. Penguins , Joe Pavelski 20 (Jeff Skinner 22, Derek Stepan 33) at 18:19
Penalties :
Cal Clutterbuck (Pit) for Roughing (Minor) at 7:42, Keith Aulie (Pit) for Hooking (Minor) at 11:14, Derek Stepan (Pit) for Tripping (Minor) at 12:35, Dennis Wideman (Clb) for Hooking (Minor) at 13:30, Nikita Kucherov (Pit) for Elbowing (Minor) at 19:19
3rd period
12. Blue Jackets , T.J. Oshie 5 (Henrik Sedin 11, Emerson Etem 4) at 5:05
13. Blue Jackets , Rickard Rakell 15 (Travis Hamonic 22, Artemi Panarin 40) at 9:52 (PP)
14. Blue Jackets , Tyler Seguin 33 (Bobby Ryan 24, Shea Weber 15) at 18:01 (PP)
Penalties :
Clarke MacArthur (Pit) for Hooking (Minor) at 9:23, Rickard Rakell (Clb) for Goalie Interference (Minor) at 12:07, Keith Aulie (Pit) for Roughing (Minor) at 16:47, Joe Pavelski (Pit) for Hooking (Minor) at 18:52, Derek Boogaard (Pit) for Hooking (Minor) at 19:09
Goalie Stats
Jacob Markstrom (Pit), 17 saves from 23 shots - (0.739), 41:18 minutes
Viktor Fasth (Pit), 13 saves from 17 shots - (0.765), L, 13-9-3, 18:42 minutes
Rick DiPietro (Clb), 33 saves from 37 shots - (0.892), W, 15-17-7, 60:00 minutes
Players Stats for Penguins
Player Name G A P +/- PIM S H SB GA TA FO MP PP MP PK MP
------------------------------------------------------------------------------------
Brandon Tanev 0 0 0 1 0 2 1 0 1 0 0/0 5:01 0:00 0:00
Cal Clutterbuck 0 1 1 -1 2 3 3 0 0 0 0/1 10:24 0:38 0:00
Clarke MacArthur 0 0 0 -1 2 1 0 0 1 0 0/0 10:50 0:34 0:42
Damon Severson 0 0 0 -2 0 0 2 1 0 0 0/0 10:52 0:30 0:11
Derek Boogaard 0 0 0 -3 2 1 2 1 0 0 1/2 24:20 2:26 5:50
Derek Stepan 0 2 2 1 2 3 1 0 2 1 11/16 18:58 4:47 2:08
Jeff Skinner 0 1 1 1 0 4 0 0 0 0 1/3 18:42 4:47 1:51
Joe Colborne 0 0 0 -1 0 3 0 0 0 0 6/9 9:56 0:21 0:00
Joe Pavelski 1 0 1 1 4 2 1 0 0 0 0/0 17:46 4:47 0:40
Keith Aulie 1 1 2 -1 4 2 1 4 0 2 0/0 27:57 4:35 4:43
Lars Eller 0 0 0 1 0 0 0 1 0 0 1/2 5:01 0:00 0:00
Marcus Foligno 1 0 1 1 0 2 1 0 0 0 0/0 5:10 0:09 0:00
Nick Leddy 0 0 0 1 0 1 0 3 0 0 0/0 21:09 2:51 4:26
Nikita Kucherov 0 1 1 -3 2 7 6 1 0 0 1/3 18:37 2:39 0:00
Oliver Ekman-Larsson 0 1 1 -1 0 2 0 1 4 1 0/0 29:10 4:35 5:54
Robert Hagg 0 0 0 -2 0 0 0 0 0 0 0/0 10:41 0:30 0:00
Sean Zimmerman 0 0 0 1 0 0 0 0 1 0 0/0 20:09 2:51 3:26
Steven Stamkos 1 0 1 -3 0 4 2 0 1 0 18/44 24:58 2:40 6:38
Players Stats for Blue Jackets
Player Name G A P +/- PIM S H SB GA TA FO MP PP MP PK MP
------------------------------------------------------------------------------------
Artemi Panarin 1 4 5 1 0 6 0 0 0 0 0/1 22:45 5:49 1:21
Bobby Ryan 1 1 2 1 0 5 2 1 1 0 0/1 21:24 5:49 0:00
Brandon Bollig 1 0 1 -1 0 2 0 0 0 1 0/0 9:51 0:00 3:43
Colton Parayko 1 1 2 1 2 1 2 2 0 2 0/0 30:49 6:22 3:18
Dennis Wideman 0 1 1 2 2 0 0 0 0 2 0/0 11:00 0:00 0:21
Devin Setoguchi 0 1 1 1 0 1 0 0 0 1 1/1 10:40 0:00 0:00
Emerson Etem 0 1 1 1 0 1 2 0 0 0 0/0 12:46 0:00 2:52
Henrik Sedin 1 2 3 2 0 3 2 0 0 0 8/13 15:54 3:31 3:05
Kevin Porter 0 0 0 -2 0 1 1 0 1 0 1/4 10:49 0:00 3:38
Peter Mueller 1 0 1 1 0 2 0 0 1 0 3/11 14:14 3:31 0:00
Rickard Rakell 1 1 2 1 2 5 3 0 0 0 1/1 14:23 3:31 0:00
Rob Scuderi 0 0 0 2 0 1 0 1 0 0 0/0 15:01 0:00 3:46
Shea Theodore 0 0 0 -1 0 0 0 0 0 0 0/0 15:11 2:58 1:01
Shea Weber 0 1 1 0 0 0 1 0 0 2 0/0 18:47 2:58 3:16
T.J. Oshie 1 1 2 1 2 4 2 0 0 0 0/0 9:19 0:00 0:00
Travis Hamonic 0 2 2 1 0 2 1 0 0 1 0/0 30:49 6:22 4:10
Tyler Kennedy 0 0 0 -2 0 3 1 0 0 0 0/2 6:54 0:00 1:13
Tyler Seguin 2 2 4 1 0 3 1 0 1 1 27/46 21:24 5:49 0:00
3 Stars
1 - Tyler Seguin (Clb)
2 - Artemi Panarin (Clb)
3 - Henrik Sedin (Clb)
Power Play
Penguins - 0 on 4 Attempt(s) - 0.00%
Blue Jackets - 4 on 9 Attempt(s) - 44.44%
Penalty Kill
Penguins - 5 on 9 Attempt(s) - 55.56%
- Score 0 goal in Penalty Kill
Blue Jackets - 4 on 4 Attempt(s) - 100.00%
- Score 0 goal in Penalty Kill
Team Stat
Penguins - Hits : 20 - Faceoff Wins : 39 - Blocked Shots : 12 - Penalty Minutes : 18
Blue Jackets - Hits : 18 - Faceoff Wins : 41 - Blocked Shots : 4 - Penalty Minutes : 8
Official
Referees : Trevor Hanson and Francis Charron
Linesman : Greg Devorski and Derek Nansen
Game Notes
Viktor Fasth enters game at 6:23 of 2nd period
Jacob Markstrom enters game at 5:05 of 3rd period
Finance
Level 1 -- Attendance: 5547 (92.45%) -- Ticket Income $554,700
Level 2 -- Attendance: 4684 (93.68%) -- Ticket Income $281,040
Level 3 -- Attendance: 1966 (98.30%) -- Ticket Income $68,810
Level 4 -- Attendance: 4000 (100.00%) -- Ticket Income $100,000
Luxury Box -- Attendance: 1000 (100.00%) -- Ticket Income $200,000
Game was played at the Nationwide arena.
Total Attendance: 17197 (95.54%)
Total Ticket Income: $1,204,550
Other Income: $180,682
Total Income: $1,385,232
Penguins
5 vs 5 Forward
Center Left Wing Right Wing Time % Phy DF OF
1 Steven Stamkos Derek Boogaard Nikita Kucherov 40 1 2 2
2 Derek Stepan Jeff Skinner Joe Pavelski 30 1 2 2
3 Joe Colborne Clarke MacArthur Cal Clutterbuck 20 1 2 2
4 Lars Eller Brandon Tanev Marcus Foligno 10 1 2 2
5 vs 5 Defense
Defense Defense Time % Phy DF OF
1 Oliver Ekman-Larsson Keith Aulie 40 1 2 2
2 Sean Zimmerman Nick Leddy 30 1 2 2
3 Damon Severson Robert Hagg 20 1 2 2
4 Oliver Ekman-Larsson Keith Aulie 10 1 2 2
PowerPlay Forward
Center Left Wing Right Wing Time % Phy DF OF
1 Steven Stamkos Derek Boogaard Nikita Kucherov 60 1 2 2
2 Derek Stepan Jeff Skinner Joe Pavelski 40 1 2 2
PowerPlay Defense
Defense Defense Time % Phy DF OF
1 Oliver Ekman-Larsson Keith Aulie 60 1 2 2
2 Sean Zimmerman Nick Leddy 40 1 2 2
Penalty Kill 4 Players Forward
Center Wing Time % Phy DF OF
1 Steven Stamkos Derek Boogaard 60 1 2 2
2 Derek Stepan Jeff Skinner 40 1 2 2
Penalty Kill 4 Players Defense
Defense Defense Time % Phy DF OF
1 Oliver Ekman-Larsson Keith Aulie 60 1 2 2
2 Sean Zimmerman Nick Leddy 40 1 2 2
Penalty Kill - 3 Players Forward
Forward Time % Phy DF OF
1 Steven Stamkos 60 1 2 2
2 Derek Stepan 40 1 2 2
Penalty Kill - 3 Players Defense
Defense Defense Time % Phy DF OF
1 Oliver Ekman-Larsson Keith Aulie 60 1 2 2
2 Sean Zimmerman Nick Leddy 40 1 2 2
4 vs 4 Forward
Center Wing Time % Phy DF OF
1 Steven Stamkos Derek Boogaard 60 1 2 2
2 Derek Stepan Jeff Skinner 40 1 2 2
4 vs 4 Defense
Defense Defense Time % Phy DF OF
1 Oliver Ekman-Larsson Keith Aulie 60 1 2 2
2 Sean Zimmerman Nick Leddy 40 1 2 2
Last Minutes Offensive
Center Left Wing Right Wing Defense Defense
Steven Stamkos Derek Boogaard Nikita Kucherov Oliver Ekman-Larsson Keith Aulie
Last Minutes Defensive
Center Left Wing Right Wing Defense Defense
Steven Stamkos Derek Boogaard Nikita Kucherov Oliver Ekman-Larsson Keith Aulie
Goaltenders
Starting : Jacob Markstrom
Backup : Viktor Fasth
Extra Forwards
Normal : Joe Pavelski, Cal Clutterbuck, Marcus Foligno - PP : Joe Pavelski, Cal Clutterbuck - PK : Joe Pavelski
Extra Defensemen
Normal : Nick Leddy, Damon Severson, Robert Hagg - PP : Nick Leddy - PK : Nick Leddy, Damon Severson
Penalty Shots
Steven Stamkos, Nikita Kucherov, Derek Stepan, Derek Boogaard, Joe Pavelski
Scratches
None
Blue Jackets
5 vs 5 Forward
Center Left Wing Right Wing Time % Phy DF OF
1 Tyler Seguin Artemi Panarin Bobby Ryan 40 1 2 2
2 Peter Mueller Rickard Rakell Devin Setoguchi 30 1 2 2
3 Henrik Sedin Emerson Etem T.J. Oshie 20 1 2 2
4 Kevin Porter Brandon Bollig Tyler Kennedy 10 1 2 2
5 vs 5 Defense
Defense Defense Time % Phy DF OF
1 Travis Hamonic Colton Parayko 40 1 2 2
2 Shea Weber Shea Theodore 30 1 2 2
3 Dennis Wideman Rob Scuderi 20 1 2 2
4 Travis Hamonic Colton Parayko 10 1 2 2
PowerPlay Forward
Center Left Wing Right Wing Time % Phy DF OF
1 Tyler Seguin Artemi Panarin Bobby Ryan 60 1 2 2
2 Peter Mueller Henrik Sedin Rickard Rakell 40 1 2 2
PowerPlay Defense
Defense Defense Time % Phy DF OF
1 Travis Hamonic Colton Parayko 60 1 2 2
2 Shea Weber Shea Theodore 40 1 2 2
Penalty Kill 4 Players Forward
Center Wing Time % Phy DF OF
1 Henrik Sedin Brandon Bollig 60 1 2 2
2 Kevin Porter Emerson Etem 40 1 2 2
Penalty Kill 4 Players Defense
Defense Defense Time % Phy DF OF
1 Travis Hamonic Colton Parayko 60 1 2 2
2 Shea Weber Rob Scuderi 40 1 2 2
Penalty Kill - 3 Players Forward
Forward Time % Phy DF OF
1 Henrik Sedin 60 1 2 2
2 Kevin Porter 40 1 2 2
Penalty Kill - 3 Players Defense
Defense Defense Time % Phy DF OF
1 Travis Hamonic Colton Parayko 60 1 2 2
2 Shea Weber Rob Scuderi 40 1 2 2
4 vs 4 Forward
Center Wing Time % Phy DF OF
1 Tyler Seguin Artemi Panarin 60 1 2 2
2 Henrik Sedin Bobby Ryan 40 1 2 2
4 vs 4 Defense
Defense Defense Time % Phy DF OF
1 Travis Hamonic Colton Parayko 60 1 2 2
2 Shea Weber Rob Scuderi 40 1 2 2
Last Minutes Offensive
Center Left Wing Right Wing Defense Defense
Tyler Seguin Artemi Panarin Bobby Ryan Travis Hamonic Colton Parayko
Last Minutes Defensive
Center Left Wing Right Wing Defense Defense
Tyler Seguin Artemi Panarin Bobby Ryan Travis Hamonic Colton Parayko
Goaltenders
Starting : Rick DiPietro
Backup : Jonas Gustavsson
Extra Forwards
Normal : T.J. Oshie, Peter Mueller, Tyler Kennedy - PP : T.J. Oshie, Peter Mueller - PK : Tyler Kennedy
Extra Defensemen
Normal : Dennis Wideman, Shea Theodore, Shea Weber - PP : Dennis Wideman - PK : Shea Theodore, Shea Weber
Penalty Shots
Tyler Seguin, Artemi Panarin, Henrik Sedin, Bobby Ryan, Rickard Rakell
Scratches
Andreas Nodl (Healthy), Martin Havlat (Healthy), Ryan Wilson (Healthy), Zac Dalpe (Torso Injury)
% Time on Ice - Penguins
Lines # - Real PCT - Wanted PCT - Time Play
Normal Forward
1 - 38% - 40% - 16:04
2 - 28% - 30% - 12:04
3 - 22% - 20% - 9:35
4 - 12% - 10% - 5:01
Normal Defense
1 - 41% - 40% - 17:28
2 - 32% - 30% - 13:52
3 - 24% - 20% - 10:11
4 - 3% - 10% - 1:13
PP Forward
1 - 40% - 60% - 3:09
2 - 60% - 40% - 4:47
PP Defense
1 - 64% - 60% - 5:05
2 - 36% - 40% - 2:51
PK Forward
1 - 78% - 60% - 6:39
2 - 22% - 40% - 1:51
PK Defense
1 - 60% - 60% - 5:05
2 - 40% - 40% - 3:25
PK3 Forward
1 - 100% - 60% - 0:50
2 - 0% - 40% - 0:00
PK3 Defense
1 - 98% - 60% - 0:49
2 - 2% - 40% - 0:01
44 Forward
1 - 0% - 60%
2 - 0% - 40%
44 Defense
1 - 0% - 60%
2 - 0% - 40%
Last Minute Offensive - 0:00
Last Minute Defensive - 0:00
Total
Forward - 60:00
Defense - 60:00
|
% Time on Ice - Blue Jackets
Lines # - Real PCT - Wanted PCT - Time Play
Normal Forward
1 - 38% - 40% - 16:26
2 - 28% - 30% - 12:01
3 - 21% - 20% - 9:00
4 - 12% - 10% - 5:17
Normal Defense
1 - 43% - 40% - 18:28
2 - 30% - 30% - 12:50
3 - 23% - 20% - 9:37
4 - 4% - 10% - 1:49
PP Forward
1 - 62% - 60% - 5:49
2 - 38% - 40% - 3:31
PP Defense
1 - 68% - 60% - 6:22
2 - 32% - 40% - 2:58
PK Forward
1 - 66% - 60% - 5:14
2 - 34% - 40% - 2:42
PK Defense
1 - 53% - 60% - 4:10
2 - 47% - 40% - 3:46
PK3 Forward
1 - 0% - 60%
2 - 0% - 40%
PK3 Defense
1 - 0% - 60%
2 - 0% - 40%
44 Forward
1 - 0% - 60%
2 - 0% - 40%
44 Defense
1 - 0% - 60%
2 - 0% - 40%
Last Minute Offensive - 0:00
Last Minute Defensive - 0:00
Total
Forward - 60:00
Defense - 60:00
|
Play-by-Play
1st period
0:01 of 1st period - Steven Stamkos wins face-off versus Tyler Seguin in neutral zone.
0:15 of 1st period - Minor Penalty to Colton Parayko for Hooking.
0:16 of 1st period - Henrik Sedin wins face-off versus Steven Stamkos in Blue Jackets zone.
0:42 of 1st period - Jeff Skinner is hit by Kevin Porter and loses puck.
1:30 of 1st period - Icing by Oliver Ekman-Larsson.
1:31 of 1st period - Nikita Kucherov wins face-off versus Henrik Sedin in Penguins zone.
1:43 of 1st period - Backhand shot by Shea Weber.
1:43 of 1st period - Deflect By Emerson Etem.
1:43 of 1st period - Shot Blocked by Oliver Ekman-Larsson.
1:43 of 1st period - Puck is out of play.
1:44 of 1st period - Derek Stepan wins face-off versus Kevin Porter in Penguins zone.
1:51 of 1st period - Snap shot by Oliver Ekman-Larsson.
1:51 of 1st period - Shot Misses the Net.
1:53 of 1st period - Slapshot by Jeff Skinner.
1:53 of 1st period - Stopped by Rick DiPietro with a rebound.
1:55 of 1st period - Snap shot by Joe Pavelski.
1:55 of 1st period - Shot Misses the Net.
1:57 of 1st period - Snap shot by Keith Aulie.
1:57 of 1st period - Deflect By Derek Stepan.
1:57 of 1st period - Stopped by Rick DiPietro with a rebound.
1:59 of 1st period - Slapshot by Oliver Ekman-Larsson.
1:59 of 1st period - Stopped by Rick DiPietro with a rebound.
2:11 of 1st period - Oliver Ekman-Larsson is hit by Emerson Etem and loses puck.
2:15 of 1st period - Penalty to Colton Parayko is over, Colton Parayko is back on ice.
2:54 of 1st period - Wrist shot by Jeff Skinner.
2:54 of 1st period - Stopped by Rick DiPietro with a rebound.
3:07 of 1st period - Icing by Emerson Etem.
3:08 of 1st period - Steven Stamkos wins face-off versus Kevin Porter in Blue Jackets zone.
3:21 of 1st period - Snap shot by Steven Stamkos.
3:21 of 1st period - Stopped by Rick DiPietro with a rebound.
3:35 of 1st period - Snap shot by Brandon Tanev.
3:35 of 1st period - Stopped by Rick DiPietro without a rebound.
3:36 of 1st period - Lars Eller wins face-off versus Tyler Seguin in Blue Jackets zone.
4:51 of 1st period - Snap shot by Brandon Tanev.
4:51 of 1st period - Stopped by Rick DiPietro without a rebound.
4:52 of 1st period - Henrik Sedin wins face-off versus Lars Eller in Blue Jackets zone.
4:59 of 1st period - Oliver Ekman-Larsson is hit by Tyler Kennedy and loses puck.
5:22 of 1st period - Keith Aulie is hit by Bobby Ryan and loses puck.
5:39 of 1st period - Snap shot by Joe Colborne.
5:39 of 1st period - Stopped by Rick DiPietro without a rebound.
5:40 of 1st period - Joe Colborne wins face-off versus Peter Mueller in Blue Jackets zone.
5:53 of 1st period - Snap shot by Cal Clutterbuck.
5:53 of 1st period - Shot Misses the Net.
6:02 of 1st period - Icing by Nick Leddy.
6:03 of 1st period - Henrik Sedin wins face-off versus Joe Colborne in Penguins zone.
6:32 of 1st period - Colton Parayko is hit by Nikita Kucherov and loses puck.
6:38 of 1st period - Icing by Henrik Sedin.
6:39 of 1st period - Steven Stamkos wins face-off versus Henrik Sedin in Blue Jackets zone.
7:03 of 1st period - Icing by Steven Stamkos.
7:04 of 1st period - Steven Stamkos wins face-off versus Tyler Seguin in Penguins zone.
7:19 of 1st period - Wrist shot by Nikita Kucherov.
7:19 of 1st period - Stopped by Rick DiPietro with a rebound.
7:21 of 1st period - Snap shot by Steven Stamkos.
7:21 of 1st period - Goal by Steven Stamkos - Penguins : 1 - Blue Jackets : 0.
7:22 of 1st period - Derek Stepan wins face-off versus Tyler Seguin in neutral zone.
7:32 of 1st period - Icing by Tyler Seguin.
7:33 of 1st period - Tyler Seguin wins face-off versus Derek Stepan in Blue Jackets zone.
8:20 of 1st period - Off-side.
8:21 of 1st period - Joe Colborne wins face-off versus Henrik Sedin in neutral zone.
9:05 of 1st period - Bobby Ryan is hit by Nikita Kucherov and loses puck.
9:16 of 1st period - Wrist shot by Nikita Kucherov.
9:16 of 1st period - Stopped by Rick DiPietro with a rebound.
9:47 of 1st period - Slapshot by Keith Aulie.
9:47 of 1st period - Goal by Keith Aulie - Penguins : 2 - Blue Jackets : 0.
9:48 of 1st period - Derek Stepan wins face-off versus Tyler Seguin in neutral zone.
10:10 of 1st period - Minor Penalty to Joe Pavelski for Roughing.
10:11 of 1st period - Tyler Seguin wins face-off versus Steven Stamkos in Penguins zone.
10:46 of 1st period - Slapshot by Rickard Rakell.
10:46 of 1st period - Shot Misses the Net.
10:48 of 1st period - Slapshot by Peter Mueller.
10:48 of 1st period - Shot Misses the Net.
11:24 of 1st period - Wrist shot by Derek Stepan.
11:24 of 1st period - Deflect By Clarke MacArthur.
11:24 of 1st period - Shot Misses the Net.
11:24 of 1st period - Puck is out of play.
11:25 of 1st period - Derek Stepan wins face-off versus Tyler Seguin in Blue Jackets zone.
11:55 of 1st period - Slapshot by Colton Parayko.
11:55 of 1st period - Shot Misses the Net.
12:09 of 1st period - Oliver Ekman-Larsson is hit by Bobby Ryan and loses puck.
12:10 of 1st period - Penalty to Joe Pavelski is over, Joe Pavelski is back on ice.
12:28 of 1st period - Snap shot by Brandon Bollig.
12:28 of 1st period - Stopped by Jacob Markstrom without a rebound.
12:29 of 1st period - Jeff Skinner wins face-off versus Peter Mueller in Penguins zone.
12:57 of 1st period - Cal Clutterbuck is hit by Henrik Sedin and loses puck.
13:02 of 1st period - Slapshot by Travis Hamonic.
13:02 of 1st period - Shot Blocked by Damon Severson.
13:04 of 1st period - Slapshot by Travis Hamonic.
13:04 of 1st period - Stopped by Jacob Markstrom with a rebound.
13:06 of 1st period - Slapshot by T.J. Oshie.
13:06 of 1st period - Stopped by Jacob Markstrom without a rebound.
13:07 of 1st period - Tyler Seguin wins face-off versus Steven Stamkos in Penguins zone.
13:34 of 1st period - Wrist shot by Joe Colborne.
13:34 of 1st period - Deflect By Cal Clutterbuck.
13:34 of 1st period - Stopped by Rick DiPietro with a rebound.
13:36 of 1st period - Slapshot by Nick Leddy.
13:36 of 1st period - Stopped by Rick DiPietro with a rebound.
13:38 of 1st period - Snap shot by Cal Clutterbuck.
13:38 of 1st period - Stopped by Rick DiPietro without a rebound.
13:39 of 1st period - Joe Colborne wins face-off versus Peter Mueller in Blue Jackets zone.
13:55 of 1st period - Slapshot by Joe Colborne.
13:55 of 1st period - Deflect By Clarke MacArthur.
13:55 of 1st period - Deflect By Peter Mueller.
13:55 of 1st period - Shot Misses the Net.
13:55 of 1st period - Puck is out of play.
13:56 of 1st period - Steven Stamkos wins face-off versus Tyler Seguin in Blue Jackets zone.
14:11 of 1st period - Snap shot by Nikita Kucherov.
14:11 of 1st period - Stopped by Rick DiPietro with a rebound.
14:24 of 1st period - Off-side.
14:25 of 1st period - Derek Stepan wins face-off versus Peter Mueller in neutral zone.
14:58 of 1st period - Derek Boogaard is hit by T.J. Oshie and loses puck.
15:11 of 1st period - Shea Weber is hit by Derek Boogaard and loses puck.
15:41 of 1st period - Derek Boogaard is hit by T.J. Oshie and loses puck.
15:49 of 1st period - Backhand shot by Nick Leddy.
15:49 of 1st period - Shot Misses the Net.
16:10 of 1st period - Minor Penalty to T.J. Oshie for Goalie Interference.
16:11 of 1st period - Derek Stepan wins face-off versus Tyler Kennedy in Blue Jackets zone.
17:09 of 1st period - Dennis Wideman is hit by Nikita Kucherov and loses puck.
18:10 of 1st period - Penalty to T.J. Oshie is over, T.J. Oshie is back on ice.
18:35 of 1st period - Rickard Rakell is hit by Damon Severson and loses puck.
19:03 of 1st period - Icing by Damon Severson.
19:04 of 1st period - Steven Stamkos wins face-off versus Peter Mueller in Penguins zone.
19:13 of 1st period - Rob Scuderi is hit by Steven Stamkos and loses puck.
19:56 of 1st period - Tyler Seguin is hit by Marcus Foligno and loses puck.
Goals for this period are 2 for Penguins vs 0 for Blue Jackets.
Shots for this period are 16 for Penguins vs 3 for Blue Jackets.
2nd period
0:01 of 2nd period - Derek Stepan wins face-off versus Bobby Ryan in neutral zone.
0:11 of 2nd period - Off-side.
0:12 of 2nd period - Tyler Seguin wins face-off versus Nikita Kucherov in neutral zone.
0:17 of 2nd period - Snap shot by Artemi Panarin.
0:17 of 2nd period - Deflect By Bobby Ryan.
0:17 of 2nd period - Stopped by Jacob Markstrom with a rebound.
1:06 of 2nd period - Tyler Kennedy is hit by Cal Clutterbuck and loses puck.
1:24 of 2nd period - Snap shot by T.J. Oshie.
1:24 of 2nd period - Shot Blocked by Lars Eller.
1:26 of 2nd period - Snap shot by Henrik Sedin.
1:26 of 2nd period - Goal by Henrik Sedin - Penguins : 2 - Blue Jackets : 1.
1:27 of 2nd period - Tyler Seguin wins face-off versus Steven Stamkos in neutral zone.
1:30 of 2nd period - Wrist shot by Tyler Seguin.
1:30 of 2nd period - Shot Blocked by Derek Boogaard.
1:32 of 2nd period - Snap shot by Tyler Seguin.
1:32 of 2nd period - Shot Misses the Net.
1:34 of 2nd period - Slapshot by Bobby Ryan.
1:34 of 2nd period - Stopped by Jacob Markstrom with a rebound.
1:36 of 2nd period - Slapshot by Rob Scuderi.
1:36 of 2nd period - Shot Blocked by Nikita Kucherov.
1:38 of 2nd period - Slapshot by Rob Scuderi.
1:38 of 2nd period - Stopped by Jacob Markstrom with a rebound.
1:40 of 2nd period - Wrist shot by Artemi Panarin.
1:40 of 2nd period - Stopped by Jacob Markstrom with a rebound.
1:59 of 2nd period - Oliver Ekman-Larsson is hit by Rickard Rakell and loses puck.
2:16 of 2nd period - Wrist shot by Kevin Porter.
2:16 of 2nd period - Stopped by Jacob Markstrom without a rebound.
2:17 of 2nd period - Joe Colborne wins face-off versus Tyler Kennedy in Penguins zone.
4:11 of 2nd period - Slapshot by Tyler Seguin.
4:11 of 2nd period - Goal by Tyler Seguin - Penguins : 2 - Blue Jackets : 2.
4:12 of 2nd period - Tyler Seguin wins face-off versus Steven Stamkos in neutral zone.
4:17 of 2nd period - Backhand shot by Bobby Ryan.
4:17 of 2nd period - Goal by Bobby Ryan - Penguins : 2 - Blue Jackets : 3.
4:18 of 2nd period - Derek Boogaard wins face-off versus Tyler Seguin in neutral zone.
4:52 of 2nd period - Jeff Skinner is hit by Colton Parayko and loses puck.
5:09 of 2nd period - Wrist shot by Emerson Etem.
5:09 of 2nd period - Deflect By Henrik Sedin.
5:09 of 2nd period - Deflect By Nick Leddy.
5:09 of 2nd period - Shot Blocked by Nick Leddy.
5:09 of 2nd period - Puck is out of play.
5:10 of 2nd period - Henrik Sedin wins face-off versus Steven Stamkos in Penguins zone.
5:13 of 2nd period - Snap shot by Henrik Sedin.
5:13 of 2nd period - Shot Misses the Net.
5:23 of 2nd period - Emerson Etem is hit by Derek Boogaard and loses puck.
5:44 of 2nd period - Snap shot by Cal Clutterbuck.
5:44 of 2nd period - Stopped by Rick DiPietro without a rebound.
5:45 of 2nd period - Tyler Seguin wins face-off versus Derek Stepan in Blue Jackets zone.
5:58 of 2nd period - Snap shot by Derek Stepan.
5:58 of 2nd period - Stopped by Rick DiPietro with a rebound.
6:00 of 2nd period - Snap shot by Keith Aulie.
6:00 of 2nd period - Shot Misses the Net.
6:02 of 2nd period - Wrist shot by Derek Stepan.
6:02 of 2nd period - Shot Misses the Net.
6:17 of 2nd period - Slapshot by Rickard Rakell.
6:17 of 2nd period - Shot Misses the Net.
6:19 of 2nd period - Snap shot by Peter Mueller.
6:19 of 2nd period - Shot Misses the Net.
6:21 of 2nd period - Snap shot by Devin Setoguchi.
6:21 of 2nd period - Shot Blocked by Keith Aulie.
6:23 of 2nd period - Snap shot by Peter Mueller.
6:23 of 2nd period - Goal by Peter Mueller - Penguins : 2 - Blue Jackets : 4.
6:23 of 2nd period - Viktor Fasth enters game.
6:24 of 2nd period - Tyler Seguin wins face-off versus Steven Stamkos in neutral zone.
6:29 of 2nd period - Slapshot by Artemi Panarin.
6:29 of 2nd period - Stopped by Viktor Fasth without a rebound.
6:30 of 2nd period - Tyler Seguin wins face-off versus Steven Stamkos in Penguins zone.
7:21 of 2nd period - Snap shot by T.J. Oshie.
7:21 of 2nd period - Stopped by Viktor Fasth without a rebound.
7:22 of 2nd period - Joe Colborne wins face-off versus Henrik Sedin in Penguins zone.
7:42 of 2nd period - Minor Penalty to Cal Clutterbuck for Roughing.
7:43 of 2nd period - Steven Stamkos wins face-off versus Tyler Seguin in Penguins zone.
8:09 of 2nd period - Derek Boogaard is hit by Rickard Rakell and loses puck.
9:42 of 2nd period - Penalty to Cal Clutterbuck is over, Cal Clutterbuck is back on ice.
9:46 of 2nd period - Derek Stepan is hit by Tyler Seguin and loses puck.
9:57 of 2nd period - Wrist shot by Marcus Foligno.
9:57 of 2nd period - Goal by Marcus Foligno - Penguins : 3 - Blue Jackets : 4.
9:58 of 2nd period - Steven Stamkos wins face-off versus Peter Mueller in neutral zone.
10:05 of 2nd period - Off-side.
10:06 of 2nd period - Peter Mueller wins face-off versus Steven Stamkos in neutral zone.
10:38 of 2nd period - Snap shot by Steven Stamkos.
10:38 of 2nd period - Stopped by Rick DiPietro with a rebound.
10:40 of 2nd period - Snap shot by Nikita Kucherov.
10:40 of 2nd period - Stopped by Rick DiPietro without a rebound.
10:41 of 2nd period - Tyler Seguin wins face-off versus Derek Stepan in Blue Jackets zone.
10:41 of 2nd period - Tyler Seguin is hit by Joe Pavelski.
10:51 of 2nd period - Off-side.
10:52 of 2nd period - Derek Stepan wins face-off versus Tyler Seguin in neutral zone.
10:59 of 2nd period - Snap shot by Joe Pavelski.
10:59 of 2nd period - Shot Blocked by Colton Parayko.
11:05 of 2nd period - Snap shot by Jeff Skinner.
11:05 of 2nd period - Deflect By Tyler Seguin.
11:05 of 2nd period - Shot Misses the Net.
11:05 of 2nd period - Puck is out of play.
11:06 of 2nd period - Tyler Seguin wins face-off versus Steven Stamkos in Blue Jackets zone.
11:14 of 2nd period - Minor Penalty to Keith Aulie for Hooking.
11:15 of 2nd period - Tyler Seguin wins face-off versus Steven Stamkos in Penguins zone.
11:31 of 2nd period - Slapshot by Colton Parayko.
11:31 of 2nd period - Goal by Colton Parayko - Penguins : 3 - Blue Jackets : 5.
11:32 of 2nd period - Tyler Seguin wins face-off versus Steven Stamkos in neutral zone.
11:32 of 2nd period - Tyler Seguin is hit by Nikita Kucherov.
11:41 of 2nd period - Off-side.
11:42 of 2nd period - Steven Stamkos wins face-off versus Tyler Seguin in neutral zone.
11:51 of 2nd period - Wrist shot by Artemi Panarin.
11:51 of 2nd period - Stopped by Viktor Fasth with a rebound.
12:03 of 2nd period - Travis Hamonic is hit by Nikita Kucherov and loses puck.
12:24 of 2nd period - Wrist shot by Nikita Kucherov.
12:24 of 2nd period - Stopped by Rick DiPietro without a rebound.
12:25 of 2nd period - Devin Setoguchi wins face-off versus Jeff Skinner in Blue Jackets zone.
12:35 of 2nd period - Minor Penalty to Derek Stepan for Tripping.
12:36 of 2nd period - Steven Stamkos wins face-off versus Tyler Seguin in Penguins zone.
12:49 of 2nd period - Snap shot by Tyler Seguin.
12:49 of 2nd period - Shot Misses the Net.
12:51 of 2nd period - Wrist shot by Artemi Panarin.
12:51 of 2nd period - Goal by Artemi Panarin - Penguins : 3 - Blue Jackets : 6.
12:52 of 2nd period - Derek Stepan wins face-off versus Tyler Seguin in neutral zone.
12:57 of 2nd period - Slapshot by Keith Aulie.
12:57 of 2nd period - Stopped by Rick DiPietro with a rebound.
12:59 of 2nd period - Snap shot by Joe Pavelski.
12:59 of 2nd period - Stopped by Rick DiPietro without a rebound.
13:00 of 2nd period - Derek Stepan wins face-off versus Tyler Seguin in Blue Jackets zone.
13:03 of 2nd period - Snap shot by Derek Stepan.
13:03 of 2nd period - Shot Misses the Net.
13:05 of 2nd period - Snap shot by Jeff Skinner.
13:05 of 2nd period - Shot Blocked by Bobby Ryan.
13:09 of 2nd period - Backhand shot by Jeff Skinner.
13:09 of 2nd period - Stopped by Rick DiPietro with a rebound.
13:11 of 2nd period - Snap shot by Oliver Ekman-Larsson.
13:11 of 2nd period - Deflect By Derek Stepan.
13:11 of 2nd period - Shot Misses the Net.
13:11 of 2nd period - Puck is out of play.
13:12 of 2nd period - Tyler Seguin wins face-off versus Steven Stamkos in Blue Jackets zone.
13:25 of 2nd period - Snap shot by Artemi Panarin.
13:25 of 2nd period - Shot Misses the Net.
13:30 of 2nd period - Minor Penalty to Dennis Wideman for Hooking.
13:31 of 2nd period - Steven Stamkos wins face-off versus Henrik Sedin in Blue Jackets zone.
13:59 of 2nd period - Snap shot by Emerson Etem.
13:59 of 2nd period - Deflect By Kevin Porter.
13:59 of 2nd period - Shot Misses the Net.
13:59 of 2nd period - Puck is out of play.
14:00 of 2nd period - Kevin Porter wins face-off versus Derek Stepan in Penguins zone.
14:07 of 2nd period - Nick Leddy is hit by Shea Weber and loses puck.
14:17 of 2nd period - Snap shot by Derek Stepan.
14:17 of 2nd period - Shot Blocked by Rob Scuderi.
14:25 of 2nd period - Jeff Skinner is hit by Emerson Etem.
14:29 of 2nd period - Jeff Skinner is hit by Colton Parayko and loses puck.
15:22 of 2nd period - Nick Leddy is hit by Henrik Sedin and loses puck.
15:30 of 2nd period - Penalty to Dennis Wideman is over, Dennis Wideman is back on ice.
15:39 of 2nd period - Henrik Sedin is hit by Keith Aulie.
15:43 of 2nd period - Backhand shot by Rob Scuderi.
15:43 of 2nd period - Shot Misses the Net.
15:47 of 2nd period - Snap shot by Henrik Sedin.
15:47 of 2nd period - Deflect By Brandon Bollig.
15:47 of 2nd period - Goal by Brandon Bollig - Penguins : 3 - Blue Jackets : 7.
15:48 of 2nd period - Steven Stamkos wins face-off versus Peter Mueller in neutral zone.
15:51 of 2nd period - Slapshot by Oliver Ekman-Larsson.
15:51 of 2nd period - Stopped by Rick DiPietro with a rebound.
16:01 of 2nd period - Backhand shot by Rickard Rakell.
16:01 of 2nd period - Stopped by Viktor Fasth with a rebound.
16:03 of 2nd period - Wrist shot by Rickard Rakell.
16:03 of 2nd period - Stopped by Viktor Fasth without a rebound.
16:04 of 2nd period - Tyler Seguin wins face-off versus Joe Colborne in Penguins zone.
16:29 of 2nd period - Rickard Rakell is hit by Nikita Kucherov and loses puck.
16:40 of 2nd period - Snap shot by Nikita Kucherov.
16:40 of 2nd period - Stopped by Rick DiPietro with a rebound.
18:05 of 2nd period - Snap shot by Devin Setoguchi.
18:05 of 2nd period - Stopped by Viktor Fasth without a rebound.
18:06 of 2nd period - Henrik Sedin wins face-off versus Jeff Skinner in Penguins zone.
18:15 of 2nd period - Snap shot by Derek Stepan.
18:15 of 2nd period - Stopped by Rick DiPietro with a rebound.
18:17 of 2nd period - Wrist shot by Jeff Skinner.
18:17 of 2nd period - Stopped by Rick DiPietro with a rebound.
18:19 of 2nd period - Wrist shot by Jeff Skinner.
18:19 of 2nd period - Deflect By Joe Pavelski.
18:19 of 2nd period - Goal by Joe Pavelski - Penguins : 4 - Blue Jackets : 7.
18:20 of 2nd period - Tyler Seguin wins face-off versus Derek Stepan in neutral zone.
19:11 of 2nd period - Slapshot by Artemi Panarin.
19:11 of 2nd period - Stopped by Viktor Fasth without a rebound.
19:12 of 2nd period - Rickard Rakell wins face-off versus Steven Stamkos in Penguins zone.
19:17 of 2nd period - Slapshot by Rickard Rakell.
19:17 of 2nd period - Shot Blocked by Nick Leddy.
19:19 of 2nd period - Minor Penalty to Nikita Kucherov for Elbowing.
19:20 of 2nd period - Peter Mueller wins face-off versus Steven Stamkos in Penguins zone.
19:31 of 2nd period - Snap shot by Rickard Rakell.
19:31 of 2nd period - Stopped by Viktor Fasth without a rebound.
19:32 of 2nd period - Tyler Seguin wins face-off versus Steven Stamkos in Penguins zone.
19:35 of 2nd period - Snap shot by Tyler Seguin.
19:35 of 2nd period - Deflect By Bobby Ryan.
19:35 of 2nd period - Shot Misses the Net.
19:35 of 2nd period - Puck is out of play.
19:36 of 2nd period - Tyler Seguin wins face-off versus Steven Stamkos in Penguins zone.
19:43 of 2nd period - Slapshot by Artemi Panarin.
19:43 of 2nd period - Stopped by Viktor Fasth without a rebound.
19:44 of 2nd period - Steven Stamkos wins face-off versus Artemi Panarin in Penguins zone.
19:44 of 2nd period - Steven Stamkos is hit by Travis Hamonic.
Goals for this period are 2 for Penguins vs 7 for Blue Jackets.
Shots for this period are 14 for Penguins vs 21 for Blue Jackets.
3rd period
0:01 of 3rd period - Tyler Seguin wins face-off versus Steven Stamkos in neutral zone.
0:32 of 3rd period - Snap shot by Henrik Sedin.
0:32 of 3rd period - Deflect By Rickard Rakell.
0:32 of 3rd period - Stopped by Viktor Fasth with a rebound.
0:34 of 3rd period - Slapshot by Shea Weber.
0:34 of 3rd period - Shot Hit the Post.
1:19 of 3rd period - Penalty to Nikita Kucherov is over, Nikita Kucherov is back on ice.
1:42 of 3rd period - Wrist shot by Nikita Kucherov.
1:42 of 3rd period - Stopped by Rick DiPietro without a rebound.
1:43 of 3rd period - Peter Mueller wins face-off versus Cal Clutterbuck in Blue Jackets zone.
1:43 of 3rd period - Peter Mueller is hit by Cal Clutterbuck.
2:09 of 3rd period - Travis Hamonic is hit by Brandon Tanev and loses puck.
2:33 of 3rd period - Snap shot by Artemi Panarin.
2:33 of 3rd period - Shot Blocked by Keith Aulie.
2:35 of 3rd period - Slapshot by Tyler Seguin.
2:35 of 3rd period - Stopped by Viktor Fasth with a rebound.
2:39 of 3rd period - Snap shot by Artemi Panarin.
2:39 of 3rd period - Shot Misses the Net.
3:57 of 3rd period - Wrist shot by Marcus Foligno.
3:57 of 3rd period - Shot Misses the Net.
3:59 of 3rd period - Snap shot by Marcus Foligno.
3:59 of 3rd period - Stopped by Rick DiPietro with a rebound.
4:01 of 3rd period - Slapshot by Sean Zimmerman.
4:01 of 3rd period - Shot Misses the Net.
4:19 of 3rd period - Wrist shot by Cal Clutterbuck.
4:19 of 3rd period - Shot Misses the Net.
4:21 of 3rd period - Slapshot by Joe Colborne.
4:21 of 3rd period - Stopped by Rick DiPietro with a rebound.
4:23 of 3rd period - Snap shot by Joe Colborne.
4:23 of 3rd period - Stopped by Rick DiPietro with a rebound.
4:33 of 3rd period - Wrist shot by Rickard Rakell.
4:33 of 3rd period - Shot Misses the Net.
4:57 of 3rd period - Snap shot by Emerson Etem.
4:57 of 3rd period - Stopped by Viktor Fasth with a rebound.
4:59 of 3rd period - Snap shot by Emerson Etem.
4:59 of 3rd period - Deflect By Henrik Sedin.
4:59 of 3rd period - Stopped by Viktor Fasth without a rebound.
5:00 of 3rd period - Henrik Sedin wins face-off versus Joe Colborne in Penguins zone.
5:05 of 3rd period - Backhand shot by T.J. Oshie.
5:05 of 3rd period - Goal by T.J. Oshie - Penguins : 4 - Blue Jackets : 8.
5:05 of 3rd period - Jacob Markstrom enters game.
5:06 of 3rd period - Steven Stamkos wins face-off versus Tyler Seguin in neutral zone.
5:32 of 3rd period - Oliver Ekman-Larsson is hit by Rickard Rakell and loses puck.
5:43 of 3rd period - Off-side.
5:44 of 3rd period - Henrik Sedin wins face-off versus Steven Stamkos in neutral zone.
7:02 of 3rd period - Slapshot by Tyler Kennedy.
7:02 of 3rd period - Stopped by Jacob Markstrom with a rebound.
7:12 of 3rd period - Snap shot by Derek Boogaard.
7:12 of 3rd period - Deflect By Steven Stamkos.
7:12 of 3rd period - Stopped by Rick DiPietro with a rebound.
7:18 of 3rd period - Slapshot by Travis Hamonic.
7:18 of 3rd period - Stopped by Jacob Markstrom with a rebound.
7:20 of 3rd period - Wrist shot by T.J. Oshie.
7:20 of 3rd period - Stopped by Jacob Markstrom with a rebound.
7:40 of 3rd period - Wrist shot by Rickard Rakell.
7:40 of 3rd period - Shot Misses the Net.
7:48 of 3rd period - Rob Scuderi is hit by Damon Severson and loses puck.
8:07 of 3rd period - Snap shot by Clarke MacArthur.
8:07 of 3rd period - Shot Misses the Net.
8:13 of 3rd period - Wrist shot by Clarke MacArthur.
8:13 of 3rd period - Stopped by Rick DiPietro with a rebound.
8:43 of 3rd period - Kevin Porter is hit by Steven Stamkos.
9:23 of 3rd period - Minor Penalty to Clarke MacArthur for Hooking.
9:24 of 3rd period - Tyler Seguin wins face-off versus Derek Boogaard in Penguins zone.
9:52 of 3rd period - Slapshot by Travis Hamonic.
9:52 of 3rd period - Deflect By Rickard Rakell.
9:52 of 3rd period - Goal by Rickard Rakell - Penguins : 4 - Blue Jackets : 9.
9:53 of 3rd period - Steven Stamkos wins face-off versus Tyler Seguin in neutral zone.
10:00 of 3rd period - Snap shot by Nikita Kucherov.
10:00 of 3rd period - Shot Misses the Net.
10:55 of 3rd period - Snap shot by Tyler Kennedy.
10:55 of 3rd period - Shot Misses the Net.
12:07 of 3rd period - Minor Penalty to Rickard Rakell for Goalie Interference.
12:08 of 3rd period - Henrik Sedin wins face-off versus Steven Stamkos in Blue Jackets zone.
12:21 of 3rd period - Snap shot by Steven Stamkos.
12:21 of 3rd period - Shot Blocked by Colton Parayko.
14:07 of 3rd period - Penalty to Rickard Rakell is over, Rickard Rakell is back on ice.
14:19 of 3rd period - Off-side.
14:20 of 3rd period - Joe Colborne wins face-off versus Tyler Seguin in neutral zone.
14:25 of 3rd period - Snap shot by Joe Colborne.
14:25 of 3rd period - Shot Misses the Net.
14:38 of 3rd period - Tyler Seguin is hit by Cal Clutterbuck and loses puck.
15:23 of 3rd period - Snap shot by T.J. Oshie.
15:23 of 3rd period - Shot Misses the Net.
15:25 of 3rd period - Wrist shot by Henrik Sedin.
15:25 of 3rd period - Stopped by Jacob Markstrom with a rebound.
15:35 of 3rd period - Snap shot by Tyler Kennedy.
15:35 of 3rd period - Stopped by Jacob Markstrom without a rebound.
15:36 of 3rd period - Derek Stepan wins face-off versus Kevin Porter in Penguins zone.
15:47 of 3rd period - Wrist shot by Tyler Kennedy.
15:47 of 3rd period - Stopped by Jacob Markstrom with a rebound.
15:49 of 3rd period - Slapshot by Shea Weber.
15:49 of 3rd period - Shot Misses the Net.
16:47 of 3rd period - Minor Penalty to Keith Aulie for Roughing.
16:48 of 3rd period - Tyler Seguin wins face-off versus Steven Stamkos in Penguins zone.
17:03 of 3rd period - Wrist shot by Artemi Panarin.
17:03 of 3rd period - Shot Misses the Net.
17:15 of 3rd period - Travis Hamonic is hit by Derek Stepan and loses puck.
17:35 of 3rd period - Icing by Henrik Sedin.
17:36 of 3rd period - Steven Stamkos wins face-off versus Peter Mueller in Blue Jackets zone.
17:47 of 3rd period - Snap shot by Derek Boogaard.
17:47 of 3rd period - Stopped by Rick DiPietro without a rebound.
17:48 of 3rd period - Tyler Seguin wins face-off versus Steven Stamkos in Blue Jackets zone.
18:01 of 3rd period - Snap shot by Tyler Seguin.
18:01 of 3rd period - Goal by Tyler Seguin - Penguins : 4 - Blue Jackets : 10.
18:02 of 3rd period - Tyler Seguin wins face-off versus Nikita Kucherov in neutral zone.
18:11 of 3rd period - Slapshot by Colton Parayko.
18:11 of 3rd period - Shot Misses the Net.
18:52 of 3rd period - Minor Penalty to Joe Pavelski for Hooking.
18:53 of 3rd period - Tyler Seguin wins face-off versus Steven Stamkos in Penguins zone.
18:56 of 3rd period - Wrist shot by Bobby Ryan.
18:56 of 3rd period - Stopped by Jacob Markstrom without a rebound.
18:57 of 3rd period - Tyler Seguin wins face-off versus Steven Stamkos in Penguins zone.
19:06 of 3rd period - Wrist shot by Artemi Panarin.
19:06 of 3rd period - Deflect By Steven Stamkos.
19:06 of 3rd period - Shot Blocked by Nick Leddy.
19:06 of 3rd period - Puck is out of play.
19:07 of 3rd period - Steven Stamkos wins face-off versus Tyler Seguin in Penguins zone.
19:09 of 3rd period - Minor Penalty to Derek Boogaard for Hooking.
19:10 of 3rd period - Steven Stamkos wins face-off versus Tyler Seguin in Penguins zone.
19:16 of 3rd period - Snap shot by Tyler Seguin.
19:16 of 3rd period - Shot Blocked by Keith Aulie.
19:18 of 3rd period - Backhand shot by Travis Hamonic.
19:18 of 3rd period - Shot Blocked by Keith Aulie.
19:20 of 3rd period - Snap shot by Bobby Ryan.
19:20 of 3rd period - Stopped by Jacob Markstrom without a rebound.
19:21 of 3rd period - Tyler Seguin wins face-off versus Steven Stamkos in Penguins zone.
19:58 of 3rd period - Wrist shot by Peter Mueller.
19:58 of 3rd period - Stopped by Jacob Markstrom without a rebound.
19:59 of 3rd period - Tyler Seguin wins face-off versus Steven Stamkos in Penguins zone.
Goals for this period are 0 for Penguins vs 3 for Blue Jackets.
Shots for this period are 7 for Penguins vs 16 for Blue Jackets.